 Dungeon Crawl Stone Soup version 0.31.0-12-g77e489cdc1 (webtiles) character file.

Game seed: 14231680230128989247

165 Silvore the Trooper (level 5, -2/42 HPs)
             Began as a Demonspawn Fighter on Feb 14, 2024.
             Slain by a sky beast (5 damage)
             ... on level 4 of the Dungeon.
             The game lasted 00:02:58 (2197 turns).

Silvore the Trooper (Demonspawn Fighter)            Turns: 2197, Time: 00:02:59

Health: -2/42      AC:  8    Str: 18    XL:     5   Next: 21%
Magic:  5/5        EV: 14    Int:  8    God:
Gold:   226        SH:  4    Dex: 13    Spells: 4/4 levels left

rFire   . . .        a - +0 long sword
rCold   . . .        c - +0 buckler
rNeg    . . .        b - +0 scale mail
rPois   .            (no helmet)
rElec   .            (no cloak)
rCorr   .            (no gloves)
SInv    .            (no boots)
Will    .....        (no amulet) Stlth
                     f - +5 ring of evasion
HPRegen 0.27/turn    (no ring)
MPRegen 0.18/turn

%: no passive effects
@: no status effects
A: icy blue scales 1, magic regeneration
a: no special abilities


You were on level 4 of the Dungeon.
You visited 1 branch of the dungeon, and saw 4 of its levels.

You collected 226 gold pieces.

Inventory:

Hand Weapons
 a - a +0 long sword (weapon)
Armour
 b - a +0 scale mail (worn)
 c - a +0 buckler (worn)
Jewellery
 f - a +5 ring of evasion (left hand)
Scrolls
 m - 2 scrolls of immolation
Potions
 d - a potion of might
 h - a potion of heal wounds
 i - a potion of resistance
 j - 2 potions of curing {unknown}
 k - a potion of attraction {unknown}
 l - a potion of magic {unknown}
 n - a potion of haste {unknown}


   Skills:
 + Level 3.7 Fighting
 + Level 3.5 Long Blades
 + Level 3.2 Armour
 + Level 0.8 Dodging
 + Level 3.2 Shields


You had 4 spell levels left.
You didn't know any spells.
Your spell library was empty.

Dungeon Overview and Level Annotations

Branches:
Dungeon (4/15)
 Temple: D:4-7

Altars:
Gozag
Qazlal

Shops:
D:1 (


Innate Abilities, Weirdness & Mutations

You are partially covered in icy blue scales. (AC +2)
You regenerate magic rapidly.


Message History

Something hits you but does no damage.
You barely miss something. Something barely misses you.
You hit something. Something hits you but does no damage.
You barely miss something. Something hits you. Something shocks you.
You barely miss something. Something hits you. Something shocks you.
Something hits you but does no damage.
You closely miss something. Something barely misses you.
You miss something. Something hits you but does no damage.
You closely miss something. Something completely misses you.
Something hits you but does no damage.
You miss something. Something hits you. Something shocks you.
You miss something.
A sky beast appears from thin air!
Reactivating autopickup.
The sky beast closely misses you.
You hit the sky beast.
The sky beast is moderately wounded.
The sky beast hits you.
* * * LOW HITPOINT WARNING * * *
The sky beast shocks you.
* * * LOW HITPOINT WARNING * * *
You slash the sky beast!
The sky beast is heavily wounded.
The sky beast misses you.
The sky beast flickers out of sight!
Deactivating autopickup; reactivate with Ctrl-A.
Something hits you but does no damage.
You barely miss something.
A sky beast appears from thin air!
Reactivating autopickup.
The sky beast hits you but does no damage.
You hit the sky beast but do no damage.
The sky beast is heavily wounded.
You block the sky beast's attack.
You closely miss the sky beast.
The sky beast is heavily wounded.
The sky beast barely misses you.
You closely miss the sky beast.
The sky beast is heavily wounded.
The sky beast hits you.
* * * LOW HITPOINT WARNING * * *
The sky beast shocks you.
You die...

....#...#..##
.....#.#....##.
#.............
###...........
#..#..####..
#..##..# #..#
#.## #..# #Y#
##. #@# # #<#
#.# ###


You could see a sky beast.

Vanquished Creatures
  A hound (D:3)
  Jessica (D:3)
  5 adders
  2 dart slugs
  3 bats
  7 endoplasms
  2 giant cockroaches (D:1)
  5 hobgoblins
  2 jackals (D:2)
  3 quokkas
  8 ball pythons
  2 frilled lizards
  6 goblins
  6 kobolds
  7 rats
60 creatures vanquished.

Notes
Turn   | Place    | Note
-------+----------+-------------------------------------------
     0 | D:1      | Silvore the Demonspawn Fighter began the quest for the Orb.
     0 | D:1      | Reached XP level 1. HP: 18/18 MP: 1/1
   233 | D:1      | Found Kuasoyr's Antique Weapon Shop.
   257 | D:1      | Gained mutation: You are partially covered in icy blue
                  | scales. (AC +2) [demonic ancestry]
   257 | D:1      | Reached XP level 2. HP: 20/24 MP: 2/2
   461 | D:1      | Found a faded altar of an unknown god.
   809 | D:2      | Gained mutation: You regenerate magic rapidly. [demonic
                  | ancestry]
   809 | D:2      | Reached XP level 3. HP: 29/29 MP: 3/3
  1595 | D:3      | Found an opulent altar of Gozag.
  1672 | D:3      | Reached XP level 4. HP: 30/35 MP: 4/4
  1830 | D:3      | Noticed Jessica
  1842 | D:3      | Killed Jessica
  1843 | D:3      | Reached XP level 5. HP: 42/42 MP: 5/5
  2165 | D:4      | Found a stormy altar of Qazlal.
  2165 | D:4      | Noticed a sky beast
  2197 | D:4      | Slain by a sky beast

Illustrated notes

Levels and vault maps discovered:
D:1:      scummos_arrival_simple_fountains, layout_loops_cross,
          hellmonk_ecumenical_altar_slurped_away, serial_shops,
          nicolae_shop_temple_entry_statues_fountains
D:2:      layout_loops_ring
D:3:      layout_basic, grunt_gozag_breadcrumbs, zin_statuary, uniq_jessica
D:4:      layout_layer_cave, nicolae_qazlal_beasts_of_the_sky,
          uniq_blork_the_orc

Skill      XL: |  1  2  3  4 |
---------------+-------------+-----
Long Blades    | 2 3 |  3.5
Armour         | 3 |  3.2
Shields        | 3 |  3.2
Fighting       | |  3.7
Dodging        | |  0.8

Action                     |  1- 3 |  4- 6 || total
---------------------------+-------+-------++-------
  Melee: Long sword        |   168 |    77 ||   245
    Use: Scroll            |     7 |     2 ||     9
         Potion            |       |     1 ||     1
 Armour: Scale mail        |    81 |    55 ||   136
  Dodge: Dodged            |   116 |    67 ||   183
  Block: Buckler           |    31 |    22 ||    53
